 Dungeon Crawl Stone Soup version 0.27-a0-650-g8dd3ea4f36 (webtiles) character file.

Game seed: 8390742735445050297

82 jestyr24 the Chopper (level 4, -5/61 HPs)
             Began as a Hill Orc Berserker on Mar 16, 2021.
             Was a Believer of Trog.
             Killed from afar by a white imp (9 damage)
             ... with a puff of frost
             ... summoned by Natasha
             ... on level 2 of the Dungeon.
             The game lasted 00:08:16 (2411 turns).

jestyr24 the Chopper (Hill Orc Berserker)           Turns: 2411, Time: 00:08:17

Health: -5/61      AC:  2    Str: 26    XL:     4   Next: 43%
Magic:  4/4        EV: 12    Int:  7    God:    Trog [**....]
Gold:   93         SH:  0    Dex: 10    Spells: 3/3 levels left

rFire    . . .     SeeInvis .   i - +0 war axe
rCold    . . .     Faith    .   (no shield)
rNeg     . . .     Spirit   .   b - +0 animal skin
rPois    .         Reflect  .   (no helmet)
rElec    .         Harm     .   (no cloak)
rCorr    .         Rampage  .   (no gloves)
Will     .....                  (no boots)
Stlth    ..........             (no amulet)
HPRegen  0.20/turn              e - +6 ring of strength
MPRegen  0.09/turn              (no ring)

@: berserking, slowed
A: no striking features
a: Renounce Religion, Berserk, Trog's Hand


You were on level 2 of the Dungeon.
You worshipped Trog.
Trog was pleased with you.
You visited 1 branch of the dungeon, and saw 2 of its levels.

You collected 93 gold pieces.

Inventory:

Hand Weapons
 a - a +0 hand axe
 c - a +0 dagger
 i - a +0 war axe (weapon)
 l - a +0 flail
Missiles
 d - 95 stones
 k - 7 atropa-tipped darts
Armour
 b - a +0 animal skin (worn)
Jewellery
 e - a +6 ring of strength (right hand)
 n - a ring of wizardry
Scrolls
 f - 2 scrolls of random uselessness {unknown}
 g - a scroll of enchant weapon {unknown}
 j - 4 scrolls of identify {unknown}
 m - a scroll of fear {unknown}
 p - a scroll of amnesia {unknown}
Potions
 h - a potion of curing {unknown}
 o - a potion of flight {unknown}


   Skills:
 + Level 4.5 Fighting
 + Level 5.3 Axes
 + Level 2.3 Armour
 + Level 2.1 Dodging
 + Level 0.1 Stealth


You had 3 spell levels left.
You didn't know any spells.
Your spell library was empty.

Dungeon Overview and Level Annotations

Branches:
Dungeon (2/15)

Altars:
Fedhas
Sif Muna

Annotations:
D:2 Natasha


Message History

Found 12 gold pieces.
You now have 81 gold pieces (gained 7).
p - a scroll labelled EBLAIMNUDYR
j - 4 scrolls labelled KYILIE HOEWKEST (gained 3)
You now have 93 gold pieces (gained 12).
Natasha, Servant of Life and Death comes into view.
Natasha hisses angrily.
Natasha stares at you and mumbles some strange words.
The magic dart hits you. Natasha casts a spell at you.
You feel yourself slow down.
Natasha mumbles some strange words.
You barely miss Natasha. Natasha casts a spell at you. The magic dart hits you!
Natasha claws you. The white imp barely misses you.
You slash Natasha!
Natasha is heavily wounded.
You barely miss the white imp. Natasha barely misses you.
The white imp hits you but does no damage.
Natasha claws you but does no damage.
You hit Natasha.
Natasha is heavily wounded.
You hit the white imp. The white imp hits you. The white imp freezes you.
Natasha stares at you and mumbles some strange words.
You feel as though you will be slow longer.
The white imp hits you. The white imp freezes you.
Natasha claws you but does no damage.
You hit Natasha.
Natasha is almost dead.
You hit the white imp. The white imp completely misses you.
Natasha casts a spell at you. The magic dart hits you!
* * * LOW HITPOINT WARNING * * *
The white imp barely misses you. Natasha claws you!
* * * LOW HITPOINT WARNING * * *
A red film seems to cover your vision as you go berserk!
You feel yourself moving faster!
You feel mighty! The white imp gestures at you. The puff of frost hits you!
You die...

...#.##..... #....#.#
###.##.##..... ....#.#
..#........... #...#.#
#.#...........
#...#.#.#.#...........
#...#.#.#.#...........
#...#.#...............
#...#h###.#..........#
##..†#@5...#.##.##....#
#.[.......##....##.####
#.........###...##.# #
#.........# #...##.####
##.........#
#...##.....
#....[.....#
#...#######
#........### #...#
#...( ########.....)..#
#...# #.###
#...............# #.###


You could see Natasha and a white imp (summoned).

Vanquished Creatures
  Natasha (D:2)
  An ooze (D:1)
  A worm (D:2)
  A dart slug (D:1)
  4 giant cockroaches
  4 goblins
  9 hobgoblins
  3 jackals (D:1)
  A ball python (D:1)
  6 bats
  3 frilled lizards
  4 kobolds (D:1)
  8 rats
46 creatures vanquished.

Notes
Turn   | Place    | Note
-------+----------+-------------------------------------------
     0 | D:1      | jestyr24 the Hill Orc Berserker began the quest for the
                  | Orb.
     0 | D:1      | Reached XP level 1. HP: 19/19 MP: 1/1
   274 | D:1      | Reached XP level 2. HP: 27/27 MP: 2/2
   681 | D:1      | Reached XP level 3. HP: 30/33 MP: 3/3
  1144 | D:1      | Reached ** piety under Trog
  1673 | D:2      | Reached skill level 5 in Axes
  1894 | D:2      | Found a shimmering blue altar of Sif Muna.
  1894 | D:2      | Found a blossoming altar of Fedhas.
  1908 | D:2      | Noticed Natasha
  1915 | D:2      | Killed Natasha
  1916 | D:2      | Reached XP level 4. HP: 31/41 MP: 4/4
  2402 | D:2      | Noticed Natasha
  2410 | D:2      | HP: 2/41 [Natasha (7)]
  2411 | D:2      | Killed from afar by a white imp

Illustrated notes

Levels and vault maps discovered:
D:1:      dpeg_arrival_orchard, layout_loops_ring,
          chequers_serial_rivers_micro_c, minmay_tripent
D:2:      layout_basic, gammafunk_temple_overflow_elements, uniq_natasha,
          uniq_sigmund, uniq_robin

Skill      XL: |  1  2  3 |
---------------+----------+-----
Fighting       | 4 |  4.5
Axes           | 5 |  5.3
Dodging        | 2 |  2.1
Armour         | |  2.3
Stealth        | |  0.1

Action                   |  1- 3 |  4- 6 || total
-------------------------+-------+-------++-------
Melee: Hand axe          |    89 |       ||    89
       War axe           |    34 |    29 ||    63
Invok: Berserk           |     2 |     1 ||     3
 Stab: Sleeping          |     1 |       ||     1
Armor: Animal skin       |    25 |    13 ||    38
Dodge: Dodged            |    80 |    34 ||   114

Table legend: (Time is in decaauts)
 A = Elapsed time spent in this place.
 B = Non-inter-level travel time spent in this place.
 C = Inter-level travel time spent in this place.
 D = Time resting spent in this place.
 E = Time spent auto-exploring this place.
 F = Levels seen in this place.
 G = Mean time per level.
                   A        B        C        D        E       F      G
               +--------+--------+--------+--------+--------+-----+--------+
         Total |   2453 |   2446 |      7 |    337 |   1472 |   2 | 1226.5 |
       Dungeon |   2453 |   2446 |      7 |    337 |   1472 |   2 | 1226.5 |
               +--------+--------+--------+--------+--------+-----+--------+

Top non-repeatable levels by time:
     D:1: 1616 daAuts
     D:2: 837 daAuts
